 Dungeon Crawl Stone Soup version 0.24.0-2-g5b39cebb1c (webtiles) character file.

Game seed: 12574206885131092435, levelgen mode: deterministic

2552 Mrkan the Grappler (level 9, -9/89 HPs)
             Began as a Troll Monk on Oct 30, 2019.
             Was an Elder of Okawaru.
             Mangled by Harold
             ... wielding a +0 war axe
              (15 damage)
             ... on level 7 of the Dungeon.
             The game lasted 00:12:14 (5823 turns).

Mrkan the Grappler (Troll Monk)                     Turns: 5823, Time: 00:12:14

Health: -9/89      AC:  7    Str: 21    XL:     9   Next: 31%
Magic:  8/8        EV:  7    Int:  9    God:    Okawaru [****..]
Gold:   281        SH: 10    Dex: 12    Spells: 7/8 levels left

rFire    . . .     SeeInvis .     - Unarmed
rCold    + . .     Gourm    +   x - +0 shield
rNeg     . . .     Faith    .   y - +1 robe {rC+}
rPois    .         Spirit   .   (helmet restricted)
rElec    .         Reflect  +   C - scarf {cloud immunity}
rCorr    .         Harm     .   (gloves unavailable)
MR       +....                  (boots unavailable)
Stlth    ++........             o - +3 amulet of reflection
HPRegen  0.64/turn              w - ring of protection from magic
MPRegen  0.11/turn              (no ring)

@: lethally poisoned (-9 -> -9), marked
A: large, unfitting armour, claws 3, fast metabolism 3, gourmand, regeneration
1, shaggy fur 1, tough skin 3
a: Heroism, Renounce Religion


You were on level 7 of the Dungeon.
You worshipped Okawaru.
Okawaru was greatly pleased with you.
You were completely stuffed.

You visited 1 branch of the dungeon, and saw 7 of its levels.
You also visited: Sewer.

You collected 281 gold pieces.

Inventory:

Missiles
 n - 17 poisoned darts (quivered)
 t - 2 javelins
 v - a throwing net
Armour
 x - a +0 shield (worn)
 y - a +1 robe of cold resistance (worn)
 C - a scarf of cloud immunity (worn)
Jewellery
 o - a +3 amulet of reflection (around neck)
 w - a ring of protection from magic (left claw)
Wands
 D - a wand of scattershot (3)
Scrolls
 a - 2 scrolls of enchant weapon {unknown}
 c - a scroll of fear {unknown}
 d - 3 scrolls of identify
 g - 3 scrolls of fog {unknown}
 k - 2 scrolls of teleportation {unknown}
 s - a scroll of blinking {unknown}
 z - a scroll of remove curse {unknown}
 B - a scroll of enchant armour {unknown}
Potions
 e - 2 potions of lignification {unknown}
 f - 2 potions of curing
 h - a potion of resistance {unknown}
 i - 2 potions of brilliance {unknown}
 j - 5 potions of flight {unknown}
 l - 2 potions of heal wounds {unknown}
 m - 4 potions of agility {unknown}
 p - a potion of magic {unknown}
 q - a potion of might {unknown}
 r - 2 potions of haste {unknown}
 A - a potion of invisibility
Comestibles
 b - 11 rations
 u - a chunk of flesh


   Skills:
 + Level 5.9 Fighting
 + Level 5.3 Throwing
 - Level 2.4 Dodging
 - Level 1.0 Stealth
 * Level 9.6 Unarmed Combat


You had 7 spell levels left.
You knew the following spells:

 Your Spells              Type           Power        Failure   Level  Hunger
a - Beastly Appendage     Tmut           #.....       96%         1    ##.....

Your spell library contained the following spells:

 Spells                   Type           Power        Failure   Level  Hunger
 Confusing Touch          Hex            #.....       96%         1    ##.....
 Corona                   Hex            #......      96%         1    ##.....
 Ensorcelled Hibernation  Hex/Ice        #.....       99%         2    ###....
 Sticks to Snakes         Tmut           #.......     99%         2    ###....
 Confuse                  Hex            #.......     100%        3    ####...
 Dazzling Spray           Conj/Hex       #.....       100%        3    ####...
 Gell's Gravitas          Tloc           #.........   100%        3    ####...
 Spider Form              Tmut/Pois      #.........   100%        3    ####...
 Tukima's Dance           Hex            #.......     100%        3    ####...
 Ice Form                 Ice/Tmut       #.......     100%        4    #####..
 Petrify                  Tmut/Erth      #.......     100%        4    #####..
 Blade Hands              Tmut           #.........   100%        5    ######.
 Metabolic Englaciation   Hex/Ice        #.........   100%        5    ######.
 Yara's Violent Unravell  Hex/Tmut       #.........   100%        5    ######.


Dungeon Overview and Level Annotations

Branches:
Dungeon (7/15)             Temple (0/1) D:5           Sewer (visited)

Altars:
Ashenzari
Dithmenos
Gozag
Hepliaklqana
Kikubaaqudgha
Makhleb
Nemelex Xobeh
Okawaru
Vehumet
Xom

Annotations:
D:7 Harold


Innate Abilities, Weirdness & Mutations

You are too large for most types of armour.
You have claws for hands.
Your metabolism is lightning-fast.
You like to eat raw meat.
Your natural rate of healing is unusually fast.
You are covered in fur. (AC +1)
You have extremely tough skin. (AC +3)


Message History

You barely miss the hound.
You feel sick. The hound bites you but does no damage.
The water moccasin bites you.
* * * LOW HITPOINT WARNING * * *
The adder bites you.
* * * LOW HITPOINT WARNING * * *
Harold hits you with a +0 war axe!
* * * LOW HITPOINT WARNING * * *
You block the hound's attack. The water moccasin barely misses you.
The adder bites you but does no damage.
You feel better. The hound bites you but does no damage.
You block the water moccasin's attack. You block Harold's attack.
The adder bites you.
* * * LOW HITPOINT WARNING * * *
You are poisoned.
The adder poisons you!
You miss the hound.
You feel sick. The hound bites you.
* * * LOW HITPOINT WARNING * * *
You block the water moccasin's attack. The adder barely misses you.
You block the hound's attack. Harold hits you with a +0 war axe!
You die...

.<.. #... #...#
#....######
#....<....#
#..##.....###### #
##(......... #
#(..h#######.
.!..###(.hS@@......
.......)..S#######.
.........S.#
.......(.......
.###.......####
#...##### ##.. ##.
##


You could see Harold, a water moccasin, a black bear, a hound and 2 adders.

Vanquished Creatures
  Pikel (D:4)
  Prince Ribbit (D:6)
  An orc warrior (D:6)
  2 sky beasts
  3 ogres
  A centaur (D:5)
  3 bullfrogs
  5 scorpions
  3 wights (D:6)
  2 crimson imps (D:5)
  A jelly (D:5)
  4 hounds
  2 orc wizards
  A gnoll shaman (D:3)
  An orc priest (D:6)
  2 worker ants (D:4)
  2 hound skeletons
  6 gnolls
  9 adders
  A shadow imp (D:5)
  An ooze (D:3)
  An adder skeleton (D:3)
  4 worms
  3 leopard geckos
  16 orcs
  5 bats
  4 giant cockroaches
  13 goblins
  13 hobgoblins
  15 jackals
  12 kobolds
  2 quokkas (D:3)
  A ball python (Sewer)
  11 frilled lizards
  A leopard gecko skeleton (D:5)
  A quokka skeleton (D:5)
  10 rats
  6 plants (Sewer)
170 creatures vanquished.

Vanquished Creatures (others)
  A centaur (D:7)
  An adder (D:4)
  An ooze (D:4)
  A quokka skeleton (D:4)
4 creatures vanquished.

Grand Total: 174 creatures vanquished

Notes
Turn   | Place    | Note
-------+----------+-------------------------------------------
     0 | D:1      | Mrkan the Troll Monk began the quest for the Orb.
     0 | D:1      | Reached XP level 1. HP: 22/22 MP: 0/0
   348 | D:1      | Reached XP level 2. HP: 29/29 MP: 1/1
   988 | D:2      | Reached XP level 3. HP: 36/36 MP: 2/2
  1088 | D:2      | Reached skill level 4 in Unarmed Combat
  1157 | D:2      | Found a radiant altar of Vehumet.
  1725 | D:3      | Reached XP level 4. HP: 44/45 MP: 3/3
  1802 | D:3      | Found an opulent altar of Gozag.
  1903 | D:3      | Reached skill level 1 in Throwing
  1906 | D:3      | Reached XP level 5. HP: 43/53 MP: 4/4
  1990 | D:3      | Found a shimmering altar of Xom.
  2053 | D:3      | Reached skill level 5 in Unarmed Combat
  2091 | D:3      | Found a glowing drain.
  2095 | Sewer    | Entered a sewer
  2767 | D:3      | Found an iron altar of Okawaru.
  2775 | D:3      | Became a worshipper of Warmaster Okawaru
  2775 | D:3      | Reached * piety under Okawaru
  2775 | D:3      | Reached ** piety under Okawaru
  2930 | D:3      | Found a shadowy altar of Dithmenos.
  3206 | D:4      | Noticed an ogre
  3213 | D:4      | Reached XP level 6. HP: 35/61 MP: 5/5
  3376 | D:4      | Found a shattered altar of Ashenzari.
  3428 | D:4      | Reached skill level 6 in Unarmed Combat
  3487 | D:4      | Reached XP level 7. HP: 38/70 MP: 6/6
  3720 | D:4      | Noticed Pikel
  3751 | D:4      | Killed Pikel
  3751 | D:4      | Reached skill level 7 in Unarmed Combat
  3751 | D:4      | Reached XP level 8. HP: 52/79 MP: 7/7
  3821 | D:4      | Found an ancient bone altar of Kikubaaqudgha.
  3886 | D:4      | Learned a level 1 spell: Beastly Appendage
  4140 | D:4      | Reached *** piety under Okawaru
  4195 | D:5      | Entered Level 5 of the Dungeon
  4215 | D:5      | Reached skill level 5 in Fighting
  4215 | D:5      | Reached skill level 8 in Unarmed Combat
  4554 | D:5      | Found a hazy altar of Hepliaklqana.
  4638 | D:5      | Found a staircase to the Ecumenical Temple.
  4989 | D:6      | Found a burning altar of Makhleb.
  5131 | D:6      | Reached skill level 9 in Unarmed Combat
  5153 | D:6      | Reached XP level 9. HP: 82/88 MP: 8/8
  5223 | D:6      | Reached skill level 5 in Throwing
  5289 | D:6      | Found a sparkling altar of Nemelex Xobeh.
  5345 | D:6      | Reached **** piety under Okawaru
  5440 | D:6      | Noticed Prince Ribbit
  5624 | D:6      | Killed Prince Ribbit
  5810 | D:7      | Noticed Harold
  5821 | D:7      | HP: 4/89 [Harold/+0 war axe (17)]
  5823 | D:7      | Mangled by Harold

Levels and vault maps discovered:
D:1:      wander_arrival_abandoned_jail, layout_basic, serial_bayou_pond_b
D:2:      layout_loops_ring, nicolae_overflow_crystal_walls
D:3:      layout_rooms, lemuel_round_altar, lemuel_coloured_pillars_altar,
          okawaru_ov_weapons_minmay, marbit_many_paths, first_ration,
          gup_sewer_entry_spiral, kennysheep_small_spiral
D:4:      layout_loops_ring, evilmike_ruin_ashenzari, kiku_gazebo_pond_becter,
          grunt_ministairs_14, uniq_pikel
D:5:      layout_cave_pools, kennysheep_mini_moat,
          minmay_temple_entry_antechambers, minmay_misc_feat_four_crosses
D:6:      layout_loops_corners, lemuel_round_altar,
          nemelex_xobeh_ov_fountains_minmay, uniq_prince_ribbit1
D:7:      layout_rooms, lemuel_doored_altar, serial_shops,
          nicolae_shop_behind_doors, gammafunk_ghost_icy, grunt_livestock,
          uniq_harold

Skill      XL: |  1  2  3  4  5  6  7  8  9 |
---------------+----------------------------+-----
Unarmed Combat | 4 5 6 7 9 |  9.6
Fighting       | 3 4 5 |  5.9
Throwing       | 1 2 3 4 5 |  5.3
Dodging        | |  2.4
Stealth        | |  1.0

Action                   |  1- 3 |  4- 6 |  7- 9 || total
-------------------------+-------+-------+-------++-------
Melee: Unarmed           |   112 |   225 |   253 ||   590
       Punch             |     2 |     8 |     1 ||    11
  Use: Scroll            |       |       |     1 ||     1
       Potion            |       |       |     2 ||     2
 Stab: Sleeping          |     4 |     3 |       ||     7
  Eat: Chunk             |    16 |    23 |    22 ||    61
Armor: Robe              |    40 |    51 |    82 ||   173
Dodge: Dodged            |    64 |    83 |    78 ||   225
Block: Shield            |       |       |    95 ||    95
       Reflection        |       |       |     4 ||     4
